 Dungeon Crawl Stone Soup version 0.21-a0-538-gd16b88a (webtiles) character file.

16 polly the Skirmisher (level 2, 0/24 HPs)
             Began as a Demonspawn Berserker on Dec 16, 2017.
             Was a Follower of Trog.
             Slain by an adder (1 damage)
             ... on level 2 of the Dungeon.
             The game lasted 00:01:16 (955 turns).

polly the Skirmisher (Demonspawn Berserker)          Turns: 955, Time: 00:01:16

Health: 0/24       AC:  2    Str: 17    XL:     2   Next: 37%
Magic:  2/2        EV: 12    Int:  8    God:    Trog [*.....]
Gold:   48         SH:  0    Dex: 12    Spells: 1/1 levels left

rFire    . . .     SeeInvis .   a - +0 hand axe
rCold    . . .     Gourm    .   (no shield)
rNeg     . . .     Faith    .   b - +0 animal skin
rPois    .         Spirit   .   (no helmet)
rElec    .         Reflect  .   (no cloak)
rCorr    .         Harm     .   (no gloves)
MR       .....                  (no boots)
Stlth    +.........             (no amulet)
HPRegen  0.08/turn              (no ring)
MPRegen  0.08/turn              (no ring)

@: lethally poisoned (0 -> -2)
A: demonic guardian 1
a: Berserk, Burn Spellbooks, Renounce Religion


You were on level 2 of the Dungeon.
You worshipped Trog.
Trog was aware of your devotion.
You were not hungry.

You visited 1 branch of the dungeon, and saw 2 of its levels.

You collected 48 gold pieces.

Inventory:

Hand Weapons
 a - a +0 hand axe (weapon)
Armour
 b - a +0 animal skin (worn)
Jewellery
 h - an uncursed amulet of magic regeneration {unknown}
Scrolls
 i - a scroll of fog {unknown}
 j - a scroll of amnesia {unknown}
 k - a scroll of identify {unknown}
Potions
 d - 2 potions of curing
 e - a potion of lignification {unknown}
 g - a potion of mutation {unknown}
Comestibles
 c - a bread ration
 f - 4 fruits


   Skills:
 + Level 3.3 Fighting
 + Level 3.0 Axes
 + Level 1.8 Armour
 + Level 1.9 Dodging


You had one spell level left.
You didn't know any spells.

Dungeon Overview and Level Annotations

Branches:
Dungeon (2/15)

Altars:
Elyvilon


Innate Abilities, Weirdness & Mutations

A weak demonic guardian rushes to your aid.


Message History

You barely miss the adder.
The adder is heavily wounded.
The adder bites you but does no damage.
You barely miss the adder.
The adder is heavily wounded.
The adder bites you.
* * * LOW HITPOINT WARNING * * *
You are poisoned.
The adder poisons you! The adder closely misses you.
You closely miss the adder.
The adder is heavily wounded.
You feel sick. The adder bites you.
* * * LOW HITPOINT WARNING * * *
You barely miss the adder.
The adder is moderately wounded.
The adder barely misses you. x2
You closely miss the adder.
The adder is moderately wounded.
The adder bites you.
You die...

... ####.......#
.⌠
#.######.#######
#...............
#.####....######
#.....# #...#.#
#...#.##
#...#..#####.#
+...+..S@....#
#...##.#####.#
#...##.# ....
..# .... ..S..
...... ......


You could see an adder.

Vanquished Creatures
  A dart slug (D:2)
  A ball python (D:1)
  A bat (D:2)
  A giant cockroach (D:1)
  A hobgoblin (D:1)
  4 kobolds
  3 rats
12 creatures vanquished.

Notes
Turn   | Place    | Note
-------+----------+-------------------------------------------
     0 | D:1      | polly the Demonspawn Berserker began the quest for the Orb.
     0 | D:1      | Reached XP level 1. HP: 18/18 MP: 1/1
   866 | D:2      | Gained mutation: A weak demonic guardian rushes to your aid. [demonic ancestry]
   866 | D:2      | Reached XP level 2. HP: 24/24 MP: 2/2
   900 | D:2      | Found a white marble altar of Elyvilon.
   953 | D:2      | HP: 1/24 [adder (4)]
   955 | D:2      | Slain by an adder

Vault maps used:
D:1:      elethiomel_arrival_shortcut
D:2:      elyvilon_altar_1, first_bread, chequers_ecumenical_altar_lobes,
          minmay_circled_x

Skill      XL: |  1  2 |
---------------+-------+-----
Axes           | 3 |  3.0
Fighting       | |  3.3
Armour         | |  1.8
Dodging        | |  1.9

Action                   || total
-------------------------++-------
Melee: Hand axe          ||    42
  Use: Potion            ||     1
Armor: Animal skin       ||     5
Dodge: Dodged            ||    33

Table legend:
 A = Spawn XP
 B = Non-spawn XP
 C = Spawn XP percentage of total XP
 D = Spawn monster count
 E = Non-spawn monster count
 F = Spawn count percentage of total count
 G = Total turns spent on level
                    A         B        C        D         E        F      G
               +---------+---------+-------+---------+---------+-------+---------
         Total |       0 |      23 |   0.0 |       0 |      12 |   0.0 |   955
               +---------+---------+-------+---------+---------+-------+---------
           D:1 |       0 |      11 |   0.0 |       0 |       6 |   0.0 |   864
           D:2 |       0 |      12 |   0.0 |       0 |       6 |   0.0 |    91
               +---------+---------+-------+---------+---------+-------+---------
